 Dungeon Crawl Stone Soup version 0.27-a0-1378-gdefffd1ff6 (webtiles) character file.

Game seed: 17521723215524455099

105 lmSkywalker the Caller (level 4, -6/24 HPs)
             Began as a Deep Elf Summoner on June 29, 2021.
             Mangled by an orc (7 damage)
             ... on level 3 of the Dungeon.
             The game lasted 00:11:48 (3938 turns).

lmSkywalker the Caller (Deep Elf Summoner)          Turns: 3938, Time: 00:11:49

Health: -6/24      AC:  2    Str:  5    XL:     4   Next: 54%
Magic:  7/12       EV: 13    Int: 21    God:
Gold:   94         SH:  0    Dex: 15    Spells: 5/11 levels left

rFire    . . .     SeeInvis .   e - +0 dagger (venom)
rCold    . . .     Faith    .   (no shield)
rNeg     . . .     Spirit   .   a - +0 robe
rPois    .         Reflect  .   (no helmet)
rElec    .         Harm     .   (no cloak)
rCorr    .         Rampage  .   (no gloves)
Will     .....                  (no boots)
Stlth    ++........             (no amulet)
HPRegen  0.08/turn              j - ring of wizardry
MPRegen  0.13/turn              (no ring)

@: no status effects
A: no striking features
a: no special abilities


You were on level 3 of the Dungeon.
You visited 1 branch of the dungeon, and saw 4 of its levels.

You collected 94 gold pieces.

Inventory:

Hand Weapons
 e - a +0 dagger of venom (weapon)
Missiles
 k - 12 boomerangs
Armour
 a - a +0 robe (worn)
Jewellery
 h - a ring of resist corrosion
 i - an amulet of faith
 j - a ring of wizardry (left hand)
Scrolls
 c - 2 scrolls of identify
 d - 2 scrolls of magic mapping {unknown}
Potions
 b - a potion of curing {unknown}
 f - 2 potions of attraction
 g - a potion of heal wounds {unknown}


   Skills:
 + Level 3.7 Dodging
 - Level 3.4 Stealth
 + Level 4.2 Spellcasting
 + Level 5.0 Summonings


You had 5 spell levels left.
You knew the following spells:

 Your Spells              Type           Power      Damage    Failure   Level
a - Summon Small Mammal   Summ           100%       N/A       1%          1
b - Call Imp              Summ           25%        N/A       1%          2
c - Call Canine Familiar  Summ           25%        N/A       1%          3

Your spell library contained the following spells:

 Spells                   Type           Power      Damage    Failure   Level
 Animate Skeleton         Necr           8%         N/A       4%          1
 Apportation              Tloc           8%         N/A       4%          1
 Corona                   Hex            4%         N/A       4%          1
 Summon Guardian Golem    Hex/Summ       15%        N/A       4%          3
 Summon Ice Beast         Ice/Summ       15%        N/A       16%         4
 Summon Lightning Spire   Summ/Air       15%        N/A       16%         4


Dungeon Overview and Level Annotations

Branches:
Dungeon (4/15)
 Temple: D:4-7

Altars:

Shops:
D:3 *

Annotations:
D:4 Dowan, Duvessa


Message History

There is a stone staircase leading down here.
There is a stone staircase leading down here.
You climb downwards.
Level annotation: Dowan, Duvessa An adder, a hound, a hobgoblin and 4 orcs come into view.
The orc shouts!
The hound barks!
The orc shouts!
The hobgoblin shouts!
The orc shouts!
The orc closely misses you. x2
A goblin comes into view. It is wielding a +0 dagger.
The orc barely misses you. x2
The orc shouts!
The goblin shouts!
There is a stone staircase leading up here.
You hear a shout!
The hound completely misses you. The orc closely misses you.
The orc hits you with a +0 mace.
You climb upwards.
There is a stone staircase leading down here.
The hound completely misses you. The orc closely misses you.
Casting: Summon Small Mammal (safe; 1% risk of failure)
Confirm with . or Enter, or press ? or * to list all spells.
The hound bites you. The orc closely misses you.
The orc closely misses your hound. The hound completely misses you.
The orc hits you with a +0 mace.
Your hound barely misses the orc.
The hound bites you. The orc closely misses your hound.
The orc barely misses you.
Casting: Call Canine Familiar (safe; 1% risk of failure)
Confirm with . or Enter, or press ? or * to list all spells.
A beastly little devil appears in a puff of flame.
Your hound misses the orc. The orc hits you with a +0 mace.
The hound barely misses you.
Your hound bites the orc.
The orc misses your hound. The orc barely misses you. The hound bites you.
* * * LOW HITPOINT WARNING * * *
The orc barely misses you.
Your hound completely misses the orc.
The hound bites you.
* * * LOW HITPOINT WARNING * * *
Your crimson imp hits the orc.
The orc dies!
The orc barely misses your hound. The orc hits you with a +0 flail!
You die...

.....†....###.................###
######..### ###.................#
####.# ###.....<.....###.# #....#
######.#####.....#.# #.#..##
#.......########...# #.....#
#.....#...### ###..
###...#####.oh.5.##...### #..
#......##.ho)..####...# ###
###..(.####@##.######.### #.
##....###.##......§§..###.
#........#####..§§§......
##..#......###..≈§§.§.#..
##)#.##....##.≈...≈..###
##)#.####..>.≈..∩..≈###
#......####.#.≈...≈...## #......#
#.#..≈.≈..#... #......#
#.....≈...###.


You could see a hound, 2 orcs, a friendly hound (summoned) and a friendly
crimson imp (summoned).

Vanquished Creatures
  A worm (D:3)
  A dart slug (D:2)
  3 ball pythons
  3 bats (D:1)
  2 endoplasms (D:2)
  4 giant cockroaches
  A jackal (D:2)
  3 quokkas
  2 frilled lizards (D:2)
  7 rats
27 creatures vanquished.

Vanquished Creatures (collateral kills)
  A bullfrog skeleton (D:3)
  An orc wizard (D:3)
  3 adders
  3 worms
  4 orcs (D:3)
  4 bats
  3 endoplasms
  4 hobgoblins
  3 jackals (D:2)
  2 kobolds
  3 ball pythons
  A frilled lizard (D:1)
  4 goblins
  4 rats (D:1)
40 creatures vanquished.

Grand Total: 67 creatures vanquished

Notes
Turn   | Place    | Note
-------+----------+-------------------------------------------
     0 | D:1      | lmSkywalker the Deep Elf Summoner began the quest for the
                  | Orb.
     0 | D:1      | Reached XP level 1. HP: 10/10 MP: 6/6
   256 | D:1      | Found a faded altar of an unknown god.
   642 | D:1      | Reached XP level 2. HP: 12/15 MP: 5/8
  1153 | D:2      | Learned a level 2 spell: Call Imp
  1241 | D:2      | Reached XP level 3. HP: 19/19 MP: 8/10
  2329 | D:3      | Learned a level 3 spell: Call Canine Familiar
  2359 | D:3      | Reached XP level 4. HP: 9/24 MP: 11/11
  2664 | D:3      | Found Kuehiymm's Assorted Antiques.
  2757 | D:3      | Reached skill level 5 in Summonings
  3886 | D:4      | Noticed Duvessa
  3886 | D:4      | Noticed Dowan
  3938 | D:3      | HP: 1/24 [hound (4)]
  3938 | D:3      | Mangled by an orc

Illustrated notes

Levels and vault maps discovered:
D:1:      lightli_arrival_quake, layout_loops_cross,
          hellmonk_ecumenical_altar_heavens_door, minmay_tromino_v4_c
D:2:      layout_basic
D:3:      layout_rooms, serial_shops, nicolae_diamond_shop
D:4:      layout_basic, nicolae_qazlal_general_emergency,
          nzn_wu_jian_council_hall, minmay_temple_entry_trees,
          kennysheep_minor_cross, minmay_shop_grid_forest,
          minmay_joined_circles, uniq_duvessa

Skill      XL: |  1  2  3  4 |
---------------+-------------+-----
Stealth        | 3 |  3.4
Dodging        | 3 |  3.7
Spellcasting   | 4 |  4.2
Summonings     | 5 |  5.0

Action                   |  1- 3 |  4- 6 || total
-------------------------+-------+-------++-------
Melee: Unarmed           |     3 |       ||     3
       Dagger            |    58 |    21 ||    79
 Cast: Summon Small Mamm |    44 |    11 ||    55
       Call Imp          |    13 |    12 ||    25
       Call Canine Famil |     1 |     3 ||     4
  Use: Scroll            |       |     1 ||     1
 Stab: Sleeping          |     3 |     2 ||     5
Armor: Robe              |    16 |     1 ||    17
Dodge: Dodged            |    54 |    36 ||    90

Table legend: (Time is in decaauts)
 A = Elapsed time spent in this place.
 B = Non-inter-level travel time spent in this place.
 C = Inter-level travel time spent in this place.
 D = Time resting spent in this place.
 E = Time spent auto-exploring this place.
 F = Levels seen in this place.
 G = Mean time per level.
                   A        B        C        D        E       F      G
               +--------+--------+--------+--------+--------+-----+--------+
         Total |   3941 |   3782 |    159 |    786 |   2122 |   4 |  985.2 |
       Dungeon |   3941 |   3782 |    159 |    786 |   2122 |   4 |  985.2 |
               +--------+--------+--------+--------+--------+-----+--------+

Top non-repeatable levels by time:
     D:3: 1863 daAuts
     D:2: 1109 daAuts
     D:1: 961 daAuts
     D:4: 6 daAuts
